 Dungeon Crawl Stone Soup version 0.30-a0-4-ga7cffc901d (webtiles) character file.

Game seed: 6661458820315127847

19 Setbun the Sneak (level 2, 0/17 HPs)
             Began as a Kobold Brigand on Aug 20, 2022.
             Slain by a bat (1 damage)
             ... on level 1 of the Dungeon.
             The game lasted 00:00:23 (175 turns).

Setbun the Sneak (Kobold Brigand)                    Turns: 175, Time: 00:00:24

Health: 0/17       AC:  3    Str:  8    XL:     2   Next: 95%
Magic:  2/2        EV: 14    Int: 12    God:
Gold:   14         SH:  0    Dex: 16    Spells: 1/1 levels left

rFire   . . .      SeeInvis .    a - +2 dagger
rCold   . . .      Faith    .    (no shield)
rNeg    . . .      Spirit   .    b - +0 robe
rPois   .          Reflect  .    (no helmet)
rElec   .          Harm     .    c - +0 cloak
rCorr   .          Rampage  .    (no gloves)
Will    .....                    (no boots)
Stlth   ++++......               (no amulet)
HPRegen 0.05/turn                (no ring)
MPRegen 0.08/turn                (no ring)

@: no status effects
A: small, no large weapons, nightstalker 3
a: no special abilities


You were on level 1 of the Dungeon.
You visited 1 branch of the dungeon, and saw 1 of its levels.

You collected 14 gold pieces.

Inventory:

Hand Weapons
 a - a +2 dagger (weapon)
Missiles
 d - 9 poisoned darts (quivered)
 e - 3 curare-tipped darts
Armour
 b - a +0 robe (worn)
 c - a +0 cloak (worn)


   Skills:
 - Level 2.1 Fighting
 + Level 4.3 Short Blades
 - Level 2.1 Throwing
 - Level 1.2 Dodging
 - Level 5.3 Stealth


You had one spell level left.
You didn't know any spells.
Your spell library was empty.

Dungeon Overview and Level Annotations

Branches:
Dungeon (1/15)

Altars:


Innate Abilities, Weirdness & Mutations

You are small and have problems with some larger weapons.
You are completely attuned to the shadows.


Message History

You barely miss the quokka.
The quokka is moderately wounded.
The bat misses you. The goblin hits you but does no damage.
The quokka closely misses you.
You barely miss the quokka.
The quokka is moderately wounded.
The bat barely misses you. The goblin completely misses you.
The goblin hits you but does no damage.
You hit the quokka but do no damage.
The quokka is moderately wounded.
The quokka bites you.
* * * LOW HITPOINT WARNING * * *
The bat misses you.
You hit the quokka.
The quokka is almost dead.
The bat barely misses you. The quokka barely misses you.
The goblin hits you with a +0 club.
* * * LOW HITPOINT WARNING * * *
The goblin hits you with a +0 dagger.
* * * LOW HITPOINT WARNING * * *
You barely miss the quokka.
The quokka is almost dead.
The bat closely misses you. The quokka misses you.
The goblin hits you but does no damage. The goblin completely misses you.
You hit the quokka.
You kill the quokka!
The bat closely misses you. The goblin barely misses you.
The goblin hits you but does no damage. The goblin hits you with a +0 dagger.
* * * LOW HITPOINT WARNING * * *
You hit the goblin.
You kill the goblin!
The bat closely misses you. The goblin misses you.
The bat hits you but does no damage. The goblin barely misses you.
Things that are here:
a +0 dagger; a goblin corpse You hit the goblin.
The goblin is heavily wounded.
The bat hits you.
You die...

..##.†.....(...#.....
..#..†)†.......#..##.
.#.............#..#<.
...............##.#.#
...................#..
...................###
.......... ...........
.#..bg.... .####..###.
.....@.... .........
..#....... .........
#........ .........
.......... ######...
.......... #.## #.#
..# ...# .####


You could see a goblin and a bat.

Vanquished Creatures
  An endoplasm (D:1)
  3 goblins (D:1)
  A hobgoblin (D:1)
  4 jackals (D:1)
  A kobold (D:1)
  2 quokkas (D:1)
  A ball python (D:1)
  A bat (D:1)
  A frilled lizard (D:1)
  A rat (D:1)
16 creatures vanquished.

Notes
Turn   | Place    | Note
-------+----------+-------------------------------------------
     0 | D:1      | Setbun the Kobold Brigand began the quest for the Orb.
     0 | D:1      | Reached XP level 1. HP: 12/12 MP: 1/1
    91 | D:1      | Reached XP level 2. HP: 16/17 MP: 2/2
   175 | D:1      | Slain by a bat

Illustrated notes

Levels and vault maps discovered:
D:1:      ebering_trefoil_twist, layout_rooms

Skill      XL: |  1  2 |
---------------+-------+-----
Short Blades   | 3 4 |  4.3
Fighting       | |  2.1
Throwing       | |  2.1
Dodging        | |  1.2
Stealth        | |  5.3

Action                   || total
-------------------------++-------
Melee: Dagger            ||    50
 Stab: Sleeping          ||     5
Armor: Robe              ||    14
Dodge: Dodged            ||    68

Table legend: (Time is in decaauts)
 A = Elapsed time spent in this place.
 B = Non-inter-level travel time spent in this place.
 C = Inter-level travel time spent in this place.
 D = Time resting spent in this place.
 E = Time spent auto-exploring this place.
 F = Levels seen in this place.
 G = Mean time per level.
                   A        B        C        D        E       F      G
               +--------+--------+--------+--------+--------+-----+--------+
         Total |    166 |    166 |      0 |      0 |     92 |   1 |  166.0 |
       Dungeon |    166 |    166 |      0 |      0 |     92 |   1 |  166.0 |
               +--------+--------+--------+--------+--------+-----+--------+

Top non-repeatable levels by time:
     D:1: 166 daAuts
